 Dungeon Crawl Stone Soup version 0.21.1-1-g345015f (webtiles) character file.

147 Kagorn the Skirmisher (level 5, -1/59 HPs)
             Began as an Ogre Berserker on June 20, 2018.
             Was a Believer of Trog.
             Slain by a gnoll
             ... wielding a +0 whip
              (4 damage)
             ... on level 3 of the Dungeon.
             The game lasted 00:14:07 (2908 turns).

Kagorn the Skirmisher (Ogre Berserker)              Turns: 2908, Time: 00:14:08

Health: -1/59      AC:  3    Str: 21    XL:     5   Next: 29%
Magic:  14/14      EV: 10    Int:  8    God:    Trog [**....]
Gold:   113        SH:  0    Dex:  9    Spells: 4/4 levels left

rFire    . . .     SeeInvis .   h - +2 whip (vamp)
rCold    . . .     Gourm    .   (no shield)
rNeg     . . .     Faith    .   b - +0 animal skin
rPois    .         Spirit   .   (helmet restricted)
rElec    .         Reflect  .   (no cloak)
rCorr    .         Harm     .   (gloves unavailable)
MR       .....     Rnd*Tele +   (boots unavailable)
Stlth    +.........             (no amulet)
HPRegen  0.19/turn              d - ring of teleportation (curse)
MPRegen  0.14/turn              i - ring of magical power

@: no status effects
A: large, unfitting armour, tough skin 1
a: Berserk, Trog's Hand, Burn Spellbooks, Renounce Religion


You were on level 3 of the Dungeon.
You worshipped Trog.
Trog was pleased with you.
You were very hungry.

You visited 1 branch of the dungeon, and saw 3 of its levels.

You collected 113 gold pieces.

Inventory:

Hand Weapons
 a - a +0 mace
 c - a +1 glaive of protection
 e - a +3 dagger
 h - a +2 vampiric whip (weapon)
 q - a +1 dagger of flaming
Armour
 b - a +0 animal skin (worn)
Jewellery
 d - a cursed ring of teleportation (left hand)
 i - a ring of magical power (right hand)
Scrolls
 j - a scroll of identify
Potions
 k - a potion of haste {unknown}
 l - 2 potions of might
 m - a potion of agility {unknown}
 n - a potion of lignification {unknown}
Comestibles
 p - 2 rations


   Skills:
 * Level 5.7 Fighting
 * Level 3.9 Maces & Flails
 + Level 3.3 Dodging


You had 4 spell levels left.
You didn't know any spells.

Dungeon Overview and Level Annotations

Branches:
Dungeon (3/15)

Altars:
Ashenzari
Fedhas
Gozag
Okawaru
Yredelemnul
The Shining One


Innate Abilities, Weirdness & Mutations

You are too large for most types of armour.
You have tough skin. (AC +1)


Message History

The gnoll closely misses you.
Found a scroll labeled TEEFIY ANKACS.
Your skin stops crawling.
You feel less resistant to hostile enchantments.
You hit the gnoll.
The gnoll is heavily wounded.
You hit the gnoll.
The gnoll is severely wounded.
The gnoll closely misses you.
You hit the gnoll.
You feel better.
You kill the gnoll!
Trog accepts your kill. The gnoll barely misses you.
The gnoll hits you with a whip!
* * * LOW HITPOINT WARNING * * *
The gnoll hits you.
* * * LOW HITPOINT WARNING * * *
You see here a gnoll corpse.
You hit the gnoll but do no damage. The gnoll hits you with a whip.
You die...

#.# #.# #.# #)#
### ##.######..
##.........#
#.##.....####.#
#.........###.####
#####..##(..g@...#
#..######g##.#
#... ..?# # ##+#
###.# #.. ###


You could see 2 gnolls.

Vanquished Creatures
  Natasha (D:2)
  2 gnolls (D:3)
  3 adders (D:2)
  2 oozes (D:2)
  2 worms (D:3)
  2 dart slugs (D:2)
  2 leopard geckos
  3 giant cockroaches
  8 goblins
  5 hobgoblins
  2 quokkas
  2 ball pythons (D:2)
  11 bats
  4 frilled lizards
  7 kobolds
  3 rats
59 creatures vanquished.

Notes
Turn   | Place    | Note
-------+----------+-------------------------------------------
     0 | D:1      | Kagorn the Ogre Berserker began the quest for the Orb.
     0 | D:1      | Reached XP level 1. HP: 24/24 MP: 1/1
   447 | D:1      | Reached XP level 2. HP: 32/32 MP: 2/2
  1213 | D:2      | Reached XP level 3. HP: 36/40 MP: 3/3
  1226 | D:2      | Found a glowing golden altar of the Shining One.
  1228 | D:2      | Noticed an angel
  1276 | D:2      | HP: 3/60 [adder (3)]
  1282 | D:2      | HP: 2/61 [poisoned by an adder]
  1553 | D:2      | Reached skill level 5 in Fighting
  1565 | D:2      | Reached ** piety under Trog
  1697 | D:2      | Reached XP level 4. HP: 47/50 MP: 4/4
  1734 | D:2      | Found an opulent altar of Gozag.
  2206 | D:2      | Found a blossoming altar of Fedhas.
  2219 | D:2      | Noticed Natasha
  2238 | D:2      | HP: 2/50 [Natasha (8)]
  2239 | D:2      | Killed Natasha
  2251 | D:2      | Reached XP level 5. HP: 7/57 MP: 5/5
  2578 | D:2      | Found a basalt altar of Yredelemnul.
  2669 | D:3      | Found an iron altar of Okawaru.
  2840 | D:3      | Found a shattered altar of Ashenzari.
  2908 | D:3      | Slain by a gnoll

Skill      XL: |  1  2  3 |
---------------+----------+-----
Maces & Flails | 3 |  3.9
Dodging        | 3 |  3.3
Fighting       | 5 |  5.7

Action                   |  1- 3 |  4- 6 || total
-------------------------+-------+-------++-------
Melee: Mace              |    97 |       ||    97
       Whip              |    47 |   127 ||   174
Invok: Trog's Hand       |       |     1 ||     1
  Use: Potion            |     3 |     1 ||     4
       Scroll            |       |     4 ||     4
  Eat: Ration            |     2 |     1 ||     3
Armor: Animal skin       |    55 |    33 ||    88
Dodge: Dodged            |   117 |    69 ||   186
